 Dungeon Crawl Stone Soup version 0.19.1-1-g22dce08 (webtiles) character file.

455 dngmouse the Cleaver (level 6, -2/52 HPs)
             Began as a Minotaur Fighter on Jan 16, 2017.
             Slain by an ogre
             ... wielding a +0 giant spiked club
              (27 damage)
             ... on level 4 of the Dungeon.
             The game lasted 00:05:45 (2431 turns).

dngmouse the Cleaver (Minotaur Fighter)             Turns: 2431, Time: 00:05:46

Health: -2/52      AC: 16    Str: 22    XL:     6   Next: 76%
Magic:  5/5        EV:  4    Int:  5    God:
Gold:   158        SH:  9    Dex: 10    Spells: 0 memorised, 5 levels left

rFire  . . .     SeeInvis .     a - +0 war axe
rCold  . . .     Gourm    .     l - +3 plate armour
rNeg   . . .     Faith    .     c - +0 shield
rPois  .         Spirit   .     (helmet restricted)
rElec  .         Reflect  .     v - +0 cloak
rCorr  +         Harm     .     y - +0 pair of gloves
MR     .....                    (no boots)
Stlth  ..........               (no amulet)
                                (no ring)
                                e - ring of resist corrosion

@: no status effects
A: retaliatory headbutt, horns 2
a: no special abilities


You were on level 4 of the Dungeon.
You were not hungry.

You visited 1 branch of the dungeon, and saw 4 of its levels.

You collected 158 gold pieces.

Inventory:

Hand Weapons
 a - a +0 war axe (weapon)
Missiles
 t - 3 tomahawks (quivered)
Armour
 c - a +0 shield (worn)
 l - a +3 plate armour (worn)
 v - a +0 cloak (worn)
 y - a +0 pair of gloves (worn)
Jewellery
 e - a ring of resist corrosion (left hand)
Wands
 k - a wand of slowing (6/48)
Scrolls
 b - a scroll of remove curse {unknown}
 h - 3 scrolls of identify
 j - a scroll of blinking {unknown}
 n - 2 scrolls of recharging {unknown}
 o - a scroll of random uselessness {unknown}
 u - a scroll of enchant armour {unknown}
 x - a scroll of immolation {unknown}
Potions
 d - a potion of might
 i - a potion of brilliance {unknown}
 p - 2 potions of curing {unknown}
 q - a potion of degeneration {unknown}
 r - 2 potions of magic {unknown}
Comestibles
 f - a bread ration
 g - 7 fruits
 m - 3 meat rations
 s - a slice of pizza
 w - 6 chunks of flesh


   Skills:
 - Level 4.0 Fighting
 * Level 8.7 Axes
 - Level 3.6 Armour
 - Level 3.6 Shields


You had 5 spell levels left.
You didn't know any spells.

Dungeon Overview and Level Annotations

Branches:
Dungeon (4/15)
 Temple: D:4-7

Altars:


Innate Abilities, Weirdness & Mutations

You reflexively headbutt those who attack you in melee.
You have a pair of horns on your head.


Message History

You kill the howler monkey!
An ogre comes into view. It is wielding a giant spiked club.
The ogre shouts!
The ogre barely misses you. You furiously retaliate!
You headbutt the ogre! You hit the ogre.
The ogre is moderately wounded.
You barely miss the ogre. You headbutt the ogre.
The ogre is heavily wounded.
The ogre hits you with a giant spiked club!
You hit the ogre. You headbutt the ogre.
The ogre is almost dead.
The ogre hits you with a giant spiked club.
You hit the ogre.
The ogre is almost dead.
The ogre hits you with a giant spiked club!
Your shield and plate armour prevent you from hitting the ogre.
The ogre is almost dead.
The ogre hits you with a giant spiked club!!
Ouch! That really hurt!
You die...

#. #. .# ### #.
..# ###.###.#
.....#.#
#†#.#.#####..
#....@O......
###..######..
#..# #..# #..#
############..#
###.........)...#
....###########.#
..#.# #.#


You could see an ogre.

Vanquished Creatures
  Sigmund (D:2)
  2 howler monkeys (D:4)
  A hound (D:3)
  Crazy Yiuf (D:3)
  Ijyb (D:2)
  Terence (D:2)
  An iguana (D:4)
  2 adders
  2 worms
  4 dart slugs
  3 leopard geckos (D:1)
  3 orcs
  A giant cockroach (D:4)
  6 goblins
  9 hobgoblins
  8 jackals
  A quokka (D:4)
  8 bats
  3 frilled lizards
  8 kobolds
  10 rats
76 creatures vanquished.

Notes
Turn   | Place    | Note
-------+----------+-------------------------------------------
     0 | D:1      | dngmouse the Minotaur Fighter began the quest for the Orb.
     0 | D:1      | Reached XP level 1. HP: 19/19 MP: 0/0
   127 | D:1      | Reached skill level 3 in Axes
   127 | D:1      | Reached XP level 2. HP: 22/27 MP: 1/1
   495 | D:2      | Noticed Ijyb
   497 | D:2      | Reached XP level 3. HP: 33/33 MP: 2/2
   522 | D:2      | Killed Ijyb
   522 | D:2      | Reached skill level 4 in Axes
   683 | D:2      | Reached XP level 4. HP: 40/40 MP: 3/3
   686 | D:2      | Reached skill level 5 in Axes
   722 | D:2      | Noticed Terence
   741 | D:2      | Killed Terence
   877 | D:2      | Noticed Sigmund
   910 | D:2      | Killed Sigmund
   910 | D:2      | Reached skill level 7 in Axes
   910 | D:2      | Reached XP level 5. HP: 13/46 MP: 4/4
   910 | D:2      | Reached XP level 6. HP: 14/52 MP: 5/5
  1451 | D:3      | Found a runed door.
  1940 | D:3      | Reached skill level 8 in Axes
  2266 | D:3      | Noticed Crazy Yiuf
  2272 | D:3      | Killed Crazy Yiuf
  2431 | D:4      | Slain by an ogre

Skill      XL: |  1  2  3  4  5  6 |
---------------+-------------------+-----
Axes           | 3 4 7 8 |  8.7
Fighting       | 4 |  4.0
Armour         | |  3.6
Shields        | |  3.6

Action                   |  1- 3 |  4- 6 || total
-------------------------+-------+-------++-------
Melee: War axe           |    96 |   138 ||   234
       Headbutt          |    11 |    24 ||    35
Throw: Tomahawk          |       |     1 ||     1
Evoke: Wand              |       |     1 ||     1
  Use: Scroll            |     3 |       ||     3
  Eat: Chunk             |       |     5 ||     5
Armor: Scale mail        |    10 |       ||    10
       Plate armour      |    80 |    63 ||   143
Dodge: Dodged            |    14 |    12 ||    26
Block: Shield            |    45 |    54 ||    99
